Map: Pilares de oro EE

Players

MrFercho - Winner!

  • Race: Zerg Zerg
  • League: Silver
  • Spawn Location: 1:00

Anchovies

  • Race: Zerg Zerg
  • League: Silver
  • Spawn Location: 7:00

VOD

Have the link to the VOD?

Description

Time

  • Played on: June 23, 2020, 4:58 p.m.
  • Length: 16:45
Show
View Real Time Build Order
Export as new Build Order

MrFercho Zerg - Winner!

Build Orders: Hatch First, Lurkers 

Get SALT Encoding   

  12  0:01  Drone  
  13  0:13  Overlord  
  13  0:17  Drone  
  14  0:32  Drone x2  
  16  0:40  Drone  
  17  0:56  Hatchery  
  16  0:57  Drone  
  16  1:03  Drone  
  18  1:17  Spawning Pool  
  18  1:18  Drone  
  18  1:21  Drone  
  19  1:27  Extractor  
  18  1:34  Drone  
  18  1:39  Drone  
  20  1:55  Drone  
  21  2:02  Drone  
  22  2:08  Overlord  
  22  2:10  Queen x2  
  22  2:12  Drone  
  27  2:25  Spine Crawler  
  23  2:42  Zergling x10  
  18  2:55  Drone  
  18  2:57  Drone  
  19  3:14  Drone  
  20  3:20  Drone  
  21  3:27  Drone  
  22  3:38  Drone  
  22  3:39  Drone  
  24  3:45  Drone  
  25  3:50  Drone  
  25  3:55  Drone  
  26  4:07  Drone  
  26  4:08  Drone x2  
  29  4:12  Drone  
  30  4:20  Overlord  
  30  4:25  Overlord  
  30  4:39  Drone x4  
  30  4:41  Drone  
  35  4:49  Drone x2  
  35  4:50  Drone  
  38  5:01  Drone x2  
  38  5:02  Drone  
  41  5:18  Drone x2  
  43  5:28  Extractor  
  42  5:29  Lair  
  42  5:30  Extractor  
  42  5:31  Queen  
  43  5:36  Drone  
  43  5:37  Overlord x2  
  44  5:47  Roach Warren  
  43  5:53  Drone  
  44  5:59  Drone x11  
  55  6:23  Hatchery  
  54  6:38  Roach, Evolution Chamber  
  54  6:39  Roach x2  
  59  6:41  Overlord x4  
  59  6:42  Overlord  
  59  6:59  Extractor, Roach x6  
  70  7:06  Overseer  
  70  7:14  Hydralisk Den  
  69  7:30  Drone  
  69  7:31  Drone  
  69  7:35  Drone  
  69  7:36  Drone x3  
  75  7:39  Drone  
  75  7:42  Zerg Missile Weapons Level 1  
  76  7:48  Muscular Augments  
  76  7:56  Lurker Den  
  75  8:06  Evolution Chamber  
  75  8:07  Drone x8  
  82  8:17  Drone  
  82  8:18  Extractor  
  82  8:19  Extractor  
  81  8:20  Hydralisk x3  
  87  8:28  Overseer  
  87  8:38  Drone  
  87  8:39  Drone x2  
  90  9:00  Grooved Spines  
  90  9:06  Infestation Pit  
  90  9:08  Zerg Ground Armor Level 1  
  89  9:10  Lurker x3  
  86  9:29  Roach x9  
  86  9:30  Roach x6  
  83  9:46  Zerg Missile Weapons Level 2  
  79  9:54  Hive  
  79  9:55  Hydralisk  
  79  9:56  Hydralisk x8  
  91  10:26  Drone  
  91  10:27  Drone x8  
  100  10:42  Overlord x3  
  100  10:46  Hatchery  
  100  10:49  Extractor  
  98  10:51  Extractor  
  98  10:53  Spire  
  98  10:56  Drone  
  98  10:57  Drone x3  
  100  10:58  Overlord x3  
  100  10:59  Overlord  
  102  11:11  Drone x2  
  102  11:12  Drone  
  103  11:21  Hydralisk x4  
  103  11:24  Lurker x2  
  103  11:25  Lurker  
  114  11:30  Drone x4  
  118  11:42  Drone x2  
  120  11:53  Hydralisk  
  120  11:54  Hydralisk x6  
  122  11:56  Pneumatized Carapace  
  134  12:04  Hydralisk x2  
  134  12:06  Hydralisk  
  140  12:12  Queen  
  142  12:30  Hydralisk x9  
  160  12:53  Mutalisk  
  156  13:01  Hydralisk x7  
  156  13:02  Hydralisk x4  
  156  13:04  Overlord  
  146  13:18  Hydralisk x5  
  156  13:34  Overlord x3  
  156  13:35  Overlord x2  
  156  13:36  Hydralisk  
  158  13:49  Adaptive Talons  
  158  13:52  Zerg Missile Weapons Level 3  
  158  14:24  Mutalisk x5  
  158  14:25  Mutalisk  
  170  14:33  Hydralisk  
  170  14:34  Hydralisk  
  174  14:46  Seismic Spines  
  166  15:10  Hydralisk x12  
  166  15:11  Hydralisk  
  176  15:30  Hatchery  
  151  16:09  Hydralisk x4  
  151  16:10  Hydralisk x12  
  183  16:21  Hydralisk  
Show
View Real Time Build Order
Export as new Build Order

Anchovies Zerg 

Build Orders: Pool First 

Get SALT Encoding   

  12  0:01  Drone  
  13  0:13  Overlord  
  13  0:18  Drone  
  14  0:37  Spawning Pool  
  14  0:42  Drone  
  14  0:47  Drone x2  
  16  1:04  Evolution Chamber  
  15  1:14  Extractor  
  14  1:25  Zergling x6  
  17  1:51  Hatchery  
  17  1:54  Drone x2  
  18  1:55  Queen  
  20  2:13  Overlord  
  20  2:31  Queen  
  22  2:39  Zergling x4  
  22  2:40  Zergling x2  
  22  3:08  Drone  
  22  3:09  Queen  
  25  3:21  Extractor  
  25  3:26  Drone  
  25  3:27  Drone x4  
  27  3:28  Roach Warren  
  28  3:41  Drone  
  28  3:42  Drone x2  
  28  3:45  Queen, Drone  
  31  4:16  Drone  
  31  4:17  Drone x2  
  34  4:26  Drone x2  
  36  4:33  Lair  
  36  4:38  Overlord x3  
  36  4:39  Overlord x2  
  36  4:45  Metabolic Boost  
  36  4:53  Overlord  
  36  4:54  Overlord  
  36  5:13  Roach x4  
  44  5:20  Drone x3  
  47  5:28  Extractor  
  46  5:33  Extractor, Drone  
  46  5:34  Drone x3  
  49  5:45  Zerg Ground Armor Level 1  
  49  5:50  Evolution Chamber  
  49  5:53  Baneling Nest, Drone x3  
  50  6:00  Glial Reconstitution  
  50  6:16  Drone x2  
  50  6:17  Drone x2  
  54  6:29  Zerg Missile Weapons Level 1  
  54  6:43  Drone  
  54  6:44  Hydralisk Den, Drone x3  
  54  6:45  Overlord  
  54  6:46  Overlord x2  
  57  6:56  Drone x5  
  57  6:57  Drone  
  63  7:11  Ravager x2  
  63  7:12  Ravager x2  
  67  7:29  Roach x6  
  79  7:35  Zergling x10  
  84  7:39  Zerg Melee Weapons Level 1  
  84  7:59  Roach x2  
  84  8:00  Roach x3  
  84  8:04  Hatchery  
  93  8:08  Zergling x6  
  93  8:12  Centrifical Hooks  
  96  8:22  Infestation Pit  
  96  8:26  Spire  
  94  8:30  Spire  
  93  8:41  Baneling x6  
  93  8:50  Zergling x2  
  93  8:51  Zergling x6, Overlord x2  
  93  8:52  Overlord  
  97  8:57  Pneumatized Carapace  
  87  9:44  Roach  
  87  9:45  Roach x4  
  97  9:47  Zergling x8  
  97  9:48  Zergling x14  
  97  9:49  Zergling x2  
  73  10:25  Lurker Den  
  72  10:37  Spire  
  72  10:41  Zerg Flyer Weapons Level 1  
  71  10:54  Queen  
  73  10:59  Drone  
  73  11:00  Drone x2  
  76  11:11  Overseer  
  76  11:13  Overseer  
  76  11:14  Overseer  
  76  11:17  Overlord x3  
  76  11:29  Queen  
  76  11:32  Roach x2  
  84  11:33  Roach x7  
  84  11:34  Roach x2  
  100  11:41  Baneling x4  
  100  11:42  Baneling x5  
  100  11:43  Baneling x3  
  100  11:57  Roach x4  
  100  11:58  Roach x4  
  116  12:03  Drone x2  
  118  12:09  Spine Crawler  
  118  12:12  Spore Crawler  
  116  12:32  Tunneling Claws  
  116  12:36  Zerg Flyer Armor Level 1  
  116  12:37  Zerg Missile Weapons Level 2  
  116  12:39  Zerg Melee Weapons Level 2  
  116  12:43  Drone x3  
  69  13:21  Hive  
  69  13:25  Drone x2  
  69  13:26  Drone x3  
  74  13:32  Extractor  
  73  13:37  Extractor  
  72  14:02  Spine Crawler  
  72  14:04  Spore Crawler  
  72  14:06  Drone x2  
  72  14:07  Drone  
  73  14:11  Hydralisk  
  73  14:12  Hydralisk x7  
  73  14:13  Hydralisk x3  
  73  14:16  Overlord x4  
  95  14:22  Hydralisk x2  
  95  14:23  Hydralisk x7  
  95  14:24  Hydralisk x2  
  109  14:25  Hydralisk  
  119  14:45  Greater Spire  
  87  15:11  Hydralisk x3  
  87  15:12  Hydralisk x3  
  61  15:14  Hydralisk x4  
  61  15:15  Hydralisk x2  
  61  15:30  Spine Crawler  
  61  15:35  Hydralisk x4  
  60  15:37  Spine Crawler  
  67  15:43  Hydralisk x2  
  39  16:05  Hydralisk  
  33  16:19  Spine Crawler  
Tags
 
Composition
Lurkers
Matchup
ZvZ
Race
Zerg
Replay Pack
MrFercho
Spawn Locations
Cross Positions
Add a new tag
Caveats
  • Supply blocks, unpowered buildings, or Contaminate may cause inaccurate times.
  • Supply counts are checked every 10 seconds.